 Dungeon Crawl Stone Soup version 0.30-a0-557-ge2afbf3030 (webtiles) character file.

Game seed: 15297893535722251943

4085 greasedhog the Basher (level 10, 0/63 HPs)
             Began as a Gargoyle Cinder Acolyte on Dec 28, 2022.
             Was a High Priest of Ignis.
             Splashed by a jelly's acid (11 damage)
             ... on level 8 of the Dungeon.
             The game lasted 00:10:09 (7459 turns).

greasedhog the Basher (Gargoyle Cinder Acolyte)     Turns: 7459, Time: 00:10:09

Health: 0/63       AC: 16    Str: 22    XL:     10   Next: 25%
Magic:  11/11      EV: 11    Int: 15    God:    Ignis [*****.]
Gold:   292        SH:  0    Dex:  5    Spells: 11/11 levels left

rFire   + . .      SeeInvis .    a - +2 whip (freeze)
rCold   . . .      Faith    .    u - orb {light}
rNeg    + . .      Spirit   .    s - +0 plate armour
rPois   ∞          Reflect  .    w - +0 helmet
rElec   +          Harm     .    x - +0 cloak
rCorr   .          Rampage  .    t - +0 pair of gloves
Will    .....                    i - +0 pair of boots Stlth
                                 B - amulet of the acrobat
HPRegen 0.30/turn                D - +4 ring of evasion
MPRegen 0.12/turn                (no ring)

@: corroded, glowing
A: sickness immunity, AC +7, negative energy resistance 1, electricity
resistance, torment resistance 1, petrification resistance
a: Renounce Religion, Fiery Armour, Foxfire Swarm, Rising Flame


You were on level 8 of the Dungeon.
You worshipped Ignis.
Ignis was extremely pleased with you.
You visited 1 branch of the dungeon, and saw 8 of its levels.

You collected 292 gold pieces.

Inventory:

Hand Weapons
 a - a +2 whip of freezing (weapon)
Missiles
 f - 2 boomerangs (quivered)
Armour
 i - a +0 pair of boots (worn)
 s - a +0 plate armour (worn)
 t - a +0 pair of gloves (worn)
 u - an orb of light (worn)
 w - a +0 helmet (worn)
 x - a +0 cloak (worn)
Jewellery
 B - an amulet of the acrobat (around neck)
 C - a +6 ring of intelligence
 D - a +4 ring of evasion (left hand)
Wands
 d - a wand of light (8)
 h - a wand of iceblast (22)
 v - a wand of polymorph (11)
Scrolls
 b - 3 scrolls of blinking
 e - 4 scrolls of enchant armour
 j - a scroll of magic mapping {unknown}
 m - 2 scrolls of acquirement {unknown}
 y - 2 scrolls of teleportation {unknown}
 z - a scroll of immolation {unknown}
 A - a scroll of poison {unknown}
 E - a scroll of brand weapon {unknown}
Potions
 c - 3 potions of lignification
 g - 3 potions of heal wounds
 k - 3 potions of mutation
 l - 3 potions of curing {unknown}
 n - a potion of attraction {unknown}
 o - 2 potions of flight {unknown}
 p - 2 potions of magic {unknown}
 q - a potion of brilliance {unknown}
 r - 2 potions of invisibility {unknown}


   Skills:
 * Level 7.0 Fighting
 * Level 10.8 Maces & Flails
 - Level 5.7 Armour
 - Level 5.4 Dodging
 - Level 1.0 Spellcasting
 - Level 3.0 Fire Magic


You had 11 spell levels left.
You didn't know any spells.
Your spell library contained the following spells:

 Spells                   Type           Power      Damage    Failure   Level
 Scorch                   Fire           18%        2d6       89%         2
 Freeze                   Ice            0%         1d3       99%         1
 Poisonous Vapours        Pois/Air       0%         N/A       100%        2
 Frozen Ramparts          Ice            0%         1d1       100%        3
 Hailstorm                Conj/Ice       0%         3d3       100%        3
 Mephitic Cloud           Conj/Pois/Air  0%         N/A       100%        3
 Cigotuvi's Dreadful Rot  Necr/Pois/Air  Unusable   N/A       N/A         2

Dungeon Overview and Level Annotations

Branches:
Dungeon (8/15)             Temple (0/1) D:6
   Lair: D:8-11

Altars:
Ashenzari
Dithmenos
Fedhas
Makhleb
Okawaru
Uskayaw
Yredelemnul
Zin
The Shining One
Jiyva


Innate Abilities, Weirdness & Mutations

You are immune to sickness and miasma.
Your stone body is resilient. (AC +7)
You are immune to poison.
You resist negative energy. (rN+)
You are resistant to electric shocks. (rElec)
You are resistant to unholy torment.
You are immune to petrification.


Message History

The jelly misses you.
You hit the jelly. You freeze the jelly.
Your hands burn!
The jelly is lightly wounded.
The jelly hits you but does no damage.
You hit the jelly but do no damage. The acid corrodes you!
Your hands burn!
The jelly is lightly wounded.
You hit the jelly but do no damage.
Your hands burn!
The jelly is lightly wounded.
The jelly hits you but does no damage.
You hit the jelly but do no damage.
Your hands burn!
The jelly is lightly wounded.
The jelly hits you but does no damage.
You whack the jelly! You freeze the jelly.
Your hands burn!
The jelly is almost dead.
You hit the jelly. You freeze the jelly.
You kill the jelly!
Throw: 2 boomerangs
Press: ? - help, Q - select action, (/) - cycle Shift-Dir - straight line, f - jelly
Aim: a jelly (haloed, 97% to hit)
You throw a boomerang. The boomerang hits the jelly.
The jelly is lightly wounded.
You hit the jelly but do no damage.
Your hands burn!
The jelly is lightly wounded.
The jelly hits you.
You are splashed with acid!
You whack the jelly! You freeze the jelly. The acid corrodes you!
Your hands burn!
The jelly is severely wounded.
You completely miss the jelly.
The jelly is severely wounded.
The jelly misses you.
You hit the jelly but do no damage.
Your hands burn!
* * * LOW HITPOINT WARNING * * *
The jelly is severely wounded.
You hit the jelly. You freeze the jelly.
Your hands burn!
* * * LOW HITPOINT WARNING * * *
The jelly is severely wounded.
The jelly hits you.
* * * LOW HITPOINT WARNING * * *
You are splashed with acid!
You die...

######<###. ##..)#
##.## .# #.# ...
##########.# ....
#..........# ._...
##.########.#
......#####...#######.#
#.J@....#....>....#
#######...#########
##.## #.# #.# #.# #.#
..# ###


You could see a jelly.

Vanquished Creatures
  Pikel (D:5)
  Maggie (D:8)
  A komodo dragon (D:7)
  2 water moccasins (D:6)
  An orc warrior (D:7)
  An ice beast (D:6)
  An ogre (D:5)
  A kobold brigand (D:6)
  3 scorpions
  3 necrophages (D:5)
  22 wights
  3 electric eels (D:7)
  A howler monkey (D:6)
  A bullfrog zombie (D:5)
  4 hounds
  A human zombie (D:5)
  4 jellies
  A gnoll bouda (D:4)
  3 orc priests (D:4)
  2 scorpion zombies (D:5)
  2 iguanas
  4 orc wizards
  Terence (D:3)
  2 hound zombies (D:5)
  2 mummies (D:5)
  4 gnolls
  4 adders
  A shadow imp (D:7)
  A white imp (D:6)
  3 ufetubi
  2 worms
  2 dart slugs (D:1)
  19 orcs
  3 bats
  4 endoplasms
  A giant cockroach (D:1)
  6 goblins
  5 hobgoblins
  4 quokkas
  7 ball pythons
  3 frilled lizards
  7 kobolds (D:6)
  8 rats
152 creatures vanquished.

Notes
Turn   | Place    | Note
-------+----------+-------------------------------------------
     0 | D:1      | greasedhog the Gargoyle Cinder Acolyte began the quest for
                  | the Orb.
     0 | D:1      | Reached XP level 1. HP: 14/14 MP: 2/2
   167 | D:1      | You fall into a shaft and drop 1 floor!
   281 | D:1      | Reached XP level 2. HP: 19/19 MP: 3/3
   477 | D:1      | Reached XP level 3. HP: 4/24 MP: 4/4
  1587 | D:3      | Identified the +6 short sword "Qoaregox" {drain, Int+2}
  1604 | D:3      | Found a faded altar of an unknown god.
  1615 | D:3      | Noticed Terence
  1623 | D:3      | Killed Terence
  1624 | D:3      | Reached skill level 4 in Maces & Flails
  1624 | D:3      | Reached XP level 4. HP: 30/30 MP: 5/5
  1665 | D:3      | Found a glowing golden altar of the Shining One.
  1702 | D:3      | Found a glowing silver altar of Zin.
  1702 | D:3      | Found an iron altar of Okawaru.
  2386 | D:4      | Reached XP level 5. HP: 27/34 MP: 6/6
  2403 | D:4      | Reached skill level 5 in Fighting
  2480 | D:4      | Reached skill level 1 in Armour
  2536 | D:4      | Reached skill level 5 in Maces & Flails
  2549 | D:4      | Reached XP level 6. HP: 36/40 MP: 7/7
  2941 | D:4      | Reached XP level 7. HP: 31/44 MP: 8/8
  3280 | D:5      | Entered Level 5 of the Dungeon
  3303 | D:5      | Noticed Pikel
  3337 | D:5      | Killed Pikel
  3338 | D:5      | Reached skill level 7 in Maces & Flails
  3338 | D:5      | Reached skill level 5 in Armour
  3338 | D:5      | Reached XP level 8. HP: 24/49 MP: 9/9
  3665 | D:5      | Reached skill level 1 in Dodging
  4259 | D:5      | Found a basalt altar of Yredelemnul.
  4280 | D:5      | Reached skill level 8 in Maces & Flails
  4558 | D:6      | Reached XP level 9. HP: 22/54 MP: 10/10
  5061 | D:6      | Found a staircase to the Ecumenical Temple.
  5251 | D:6      | Reached skill level 9 in Maces & Flails
  5952 | D:7      | Reached skill level 5 in Dodging
  6054 | D:7      | Found a blossoming altar of Fedhas.
  6055 | D:7      | Found a burning altar of Makhleb.
  6231 | D:7      | Found a shadowy altar of Dithmenos.
  6418 | D:7      | Found a broken altar of Ashenzari.
  6523 | D:7      | Reached skill level 10 in Maces & Flails
  6531 | D:7      | Noticed a komodo dragon
  6562 | D:7      | Killed a komodo dragon
  6563 | D:7      | Reached XP level 10. HP: 23/60 MP: 11/11
  6941 | D:8      | Found a hide-covered altar of Uskayaw.
  7214 | D:8      | Noticed Maggie
  7245 | D:8      | Killed Maggie
  7439 | D:8      | Found a viscous altar of Jiyva.
  7459 | D:8      | Splashed by a jelly's acid

Illustrated notes

Levels and vault maps discovered:
D:1:      amcnicky_arrival_feature_with_door, layout_loops_ring,
          minmay_misc_feat_x
D:2:      layout_basic
D:3:      minmay_general_purpose_star, layout_basic,
          gammafunk_temple_overflow_wave, mainiacjoe_overflow_catwalk,
          ebering_ecumenical_altar_rust, uniq_terence
D:4:      layout_cave_pools
D:5:      layout_loops_ring, lemuel_mausoleum_altar_yredelemnul, uniq_pikel
D:6:      layout_basic, minmay_temple_entry_gardened_gates, minivault_24
D:7:      layout_rooms, grunt_dithmenos_shadows, mainiacjoe_overflow_brackets,
          nicolae_overflow_squiral, dk_noncrumbling_3
D:8:      layout_loops_ring, eat_drink_and_be_merry_uskayaw, solitary_fountain,
          jiyva_altar_1, uniq_maggie

Skill      XL: |  1  2  3  4  5  6  7  8  9 10 |
---------------+-------------------------------+-----
Fighting       | 4 5 6 7 |  7.0
Maces & Flails | 4 5 7 8 10 | 10.8
Armour         | 2 3 5 |  5.7
Dodging        | 3 5 |  5.4
Spellcasting   | |  1.0
Fire Magic     | |  3.0

Action                   |  1- 3 |  4- 6 |  7- 9 | 10-12 || total
-------------------------+-------+-------+-------+-------++-------
Melee: Mace              |   107 |       |       |       ||   107
       Punch             |     2 |     1 |       |       ||     3
       Short sword       |     5 |   112 |    21 |       ||   138
       Whip              |       |       |   447 |   105 ||   552
Throw: Boomerang         |     1 |    17 |     3 |     6 ||    27
Invok: Fiery Armour      |     1 |       |     1 |       ||     2
  Use: Scroll            |       |     3 |     2 |       ||     5
       Potion            |       |     1 |       |       ||     1
Armor: Leather armour    |    40 |    49 |    85 |       ||   174
       Robe              |     1 |       |       |       ||     1
       Skin              |       |    36 |    11 |       ||    47
       Plate armour      |       |       |    36 |    22 ||    58
Dodge: Dodged            |    68 |    76 |   167 |    31 ||   342

Table legend: (Time is in decaauts)
 A = Elapsed time spent in this place.
 B = Non-inter-level travel time spent in this place.
 C = Inter-level travel time spent in this place.
 D = Time resting spent in this place.
 E = Time spent auto-exploring this place.
 F = Levels seen in this place.
 G = Mean time per level.
                   A        B        C        D        E       F      G
               +--------+--------+--------+--------+--------+-----+--------+
         Total |   7293 |   6947 |    346 |    878 |   4764 |   8 |  911.6 |
       Dungeon |   7293 |   6947 |    346 |    878 |   4764 |   8 |  911.6 |
               +--------+--------+--------+--------+--------+-----+--------+

Top non-repeatable levels by time:
     D:6: 1301 daAuts
     D:5: 1134 daAuts
     D:4: 1051 daAuts
     D:1: 1010 daAuts
     D:7: 977 daAuts
     D:3: 788 daAuts
     D:2: 546 daAuts
     D:8: 483 daAuts
